 Dungeon Crawl Stone Soup version 0.24.0-125-gc4c63601f3 (webtiles) character file.

Game seed: 16857218562494830168, levelgen mode: deterministic

25 Descartes the Grasshopper (level 2, 0/13 HPs)
             Began as a Felid Warper on Feb 26, 2020.
             Slain by a jackal (2 damage)
             ... on level 1 of the Dungeon.
             The game lasted 00:02:35 (954 turns).

Descartes the Grasshopper (Felid Warper)             Turns: 954, Time: 00:02:36

Health: 0/13       AC:  1    Str:  7    XL:     2   Next: 86%
Magic:  6/6        EV: 19    Int: 14    God:
Gold:   71         SH:  0    Dex: 15    Spells: 5/5 levels left
                                        Lives:  0   Deaths: 0

rFire    . . .     SeeInvis +     - Unarmed
rCold    . . .     Gourm    .   (shield unavailable)
rNeg     . . .     Faith    .   (armour unavailable)
rPois    .         Spirit   .   (helmet unavailable)
rElec    .         Reflect  .   (cloak unavailable)
rCorr    .         Harm     .   (gloves unavailable)
MR       .....                  (boots unavailable)
Stlth    ++........             (no amulet)
HPRegen  0.04/turn              (no ring)
MPRegen  0.10/turn              (no ring)

@: quick
A: very small, no armour, no weapons or thrown items, stealth, claws 1, fangs 3,
see invisible, carnivore, speed 1, shaggy fur 1, slow metabolism 1, sharp paws
a: no special abilities


You were on level 1 of the Dungeon.
You were completely stuffed.

You visited 1 branch of the dungeon, and saw 2 of its levels.

You collected 71 gold pieces.

Inventory:

Missiles
 e - 25 stones
 f - 61 arrows
Jewellery
 h - a +3 ring of intelligence {unknown}
Scrolls
 b - 2 scrolls of blinking
 d - 3 scrolls of identify {unknown}
 j - a scroll of enchant armour {unknown}
 m - a scroll of teleportation {unknown}
Potions
 a - a potion of curing {unknown}
 g - a potion of degeneration {unknown}
 k - a potion of heal wounds {unknown}
 l - a potion of agility {unknown}
Comestibles
 c - 3 rations
 i - a chunk of flesh


   Skills:
 + Level 2.2 Fighting
 + Level 3.6 Dodging
 + Level 1.4 Stealth
 * Level 2.4 Unarmed Combat
 + Level 2.2 Spellcasting
   Level 4.4 Translocations


You had 5 spell levels left.
You didn't know any spells.
Your spell library contained the following spells:

 Spells                   Type           Power        Failure   Level  Hunger
 Blink                    Tloc           N/A          6%          2    ###....
 Gell's Gravitas          Tloc           ##........   12%         3    ###....
 Lesser Beckoning         Tloc           ##........   12%         3    ###....
 Teleport Other           Tloc           ##......     12%         3    ###....
 Shroud of Golubria       Chrm/Tloc      #.....       14%         2    ###....
 Passage of Golubria      Tloc           N/A          36%         4    #####..


Dungeon Overview and Level Annotations

Branches:
Dungeon (2/15)

Altars:

Annotations:
D:2 Sigmund


Innate Abilities, Weirdness & Mutations

You cannot wear armour.
You are incapable of wielding weapons or throwing items.
Your paws allow you to move quietly. (Stealth)
You have sharp claws.
You have razor-sharp teeth.
You have supernaturally acute eyesight. (SInv)
You are carnivorous and can eat meat at any time.
You cover ground quickly.
You are covered in fur. (AC +1)
You have a slow metabolism.
Your sharp claws are effective at attacking unaware monsters.


Message History

The jackal closely misses you.
You scratch the jackal.
You kill the jackal!
The jackal bites you but does no damage.
The jackal misses you.
You scratch the jackal.
The jackal is lightly wounded.
The jackal misses you.
You scratch the jackal but do no damage.
The jackal is lightly wounded.
The jackal bites you.
* * * LOW HITPOINT WARNING * * *
The jackal barely misses you.
You closely miss the jackal.
The jackal is lightly wounded.
The jackal misses you.
You scratch the jackal.
The jackal is heavily wounded.
The jackal bites you.
You die...

#....#########.......#
#.#####......#.####..#
#.# #......#.#.....#
#.# #......#.#.##.##
#.# #......#.#.##.###
#)# #......#.........
##.###
#......###.#####.
#....###.##.### #.# #.
##.#.##@#.#.# #.# ##
###.#h#....# #.# #
###.##>..#######.######
#.......###.....[......
#.#.##..###.##...###.(.
#.#.##.#.##.##.÷#...#..
########
#.#...###...###.#.⌠.#..
.......####.##.## ##.##
#.#...#≈≈
#.##.#.......##.###..#
#.≈###≈≈≈


You could see a jackal.

Vanquished Creatures
  3 dart slugs
  7 bats
  A giant cockroach (D:1)
  A jackal (D:1)
  2 frilled lizards (D:1)
  3 kobolds (D:1)
  4 rats (D:1)
21 creatures vanquished.

Notes
Turn   | Place    | Note
-------+----------+-------------------------------------------
     0 | D:1      | Descartes the Felid Warper began the quest for the Orb.
     0 | D:1      | Reached XP level 1. HP: 9/9 MP: 4/4
   367 | D:1      | Reached XP level 2. HP: 13/13 MP: 6/6
   381 | D:1      | Reached skill level 1 in Stealth
   892 | D:2      | Noticed Sigmund
   954 | D:1      | Slain by a jackal

Levels and vault maps discovered:
D:1:      dpeg_arrival_boxes_within_box, layout_loops_cross, fountainhead
D:2:      layout_rooms, uniq_sigmund

Skill      XL: |  1  2 |
---------------+-------+-----
Stealth        | 1 |  1.4
Fighting       | |  2.2
Dodging        | |  3.6
Unarmed Combat | |  2.4
Spellcasting   | |  2.2
Translocations | |  4.4

Action                   || total
-------------------------++-------
Melee: Unarmed           ||    65
       Bite              ||     3
       Punch             ||     1
 Stab: Sleeping          ||     7
  Eat: Chunk             ||     7
Armor: Skin              ||     8
Dodge: Dodged            ||    73
